 Dungeon Crawl Stone Soup version 0.30.1-11-g7821555f0a (webtiles) character file.

Game seed: 8708063929661407921

166 booth the Trooper (level 5, -2/42 HPs)
             Began as a Demonspawn Fighter on Nov 11, 2023.
             Slain by Sigmund
             ... wielding a +3 scythe of freezing
              (3 damage)
             ... on level 3 of the Dungeon.
             The game lasted 00:12:56 (2217 turns).

booth the Trooper (Demonspawn Fighter)              Turns: 2217, Time: 00:12:57

Health: -2/42      AC:  9    Str: 17 (18) XL:     5   Next: 22%
Magic:  5/5        EV:  9    Int:  9      God:
Gold:   62         SH:  0    Dex: 19      Spells: 4/4 levels left

rFire   . . .        a - +0 war axe
rCold   . . .        c - +0 buckler
rNeg    . . .        b - +0 scale mail
rPois   .            (no helmet)
rElec   .            (no cloak)
rCorr   .            (no gloves)
SInv    .            h - +1 pair of boots
Will    .....        (no amulet) Stlth
                     l - +6 ring of dexterity
HPRegen 0.27/turn    (no ring)
MPRegen 0.09/turn

%: no passive effects
@: confused
A: powered by pain 1, sturdy frame 1, weakness stinger 1, deterioration 1
a: no special abilities


You were on level 3 of the Dungeon.
You visited 1 branch of the dungeon, and saw 3 of its levels.

You collected 62 gold pieces.

Inventory:

Hand Weapons
 a - a +0 war axe (weapon)
 o - a +0 mace of protection
Missiles
 e - 6 poisoned darts (quivered)
Armour
 b - a +0 scale mail (worn)
 c - a +0 buckler (worn)
 h - a +1 pair of boots (worn)
Jewellery
 l - a +6 ring of dexterity (left hand)
Scrolls
 f - a scroll of magic mapping
 k - 2 scrolls of teleportation
 p - a scroll of torment {unknown}
Potions
 d - a potion of might
 g - a potion of curing
 j - 2 potions of flight
 m - a potion of degeneration {unknown}
 n - 2 potions of brilliance


   Skills:
 + Level 3.8 Fighting
 * Level 3.0 Axes
 + Level 3.5 Armour
 + Level 3.5 Shields


You had 4 spell levels left.
You didn't know any spells.
Your spell library was empty.

Dungeon Overview and Level Annotations

Branches:
Dungeon (3/15)

Altars:

Annotations:
D:3 Sigmund


Innate Abilities, Weirdness & Mutations

You sometimes gain a little power by taking damage.
Your movements are slightly less encumbered by armour. (ER -2)
You have a small tail.
Your body sometimes deteriorates upon taking damage.


Message History

Sigmund points at you and mumbles some strange words.
You resist with some effort. Sigmund gestures at you while chanting.
The puff of flame hits you!
Your body deteriorates!
You feel weakened.
You see here a +0 mace.
You block Sigmund's attack. Sigmund hits you but does no damage.
You see here a +0 mace.
Sigmund gestures at you while chanting.
The magic dart hits you but does no damage.
You barely miss Sigmund. Sigmund casts a spell at you.
The puff of flame hits you.
You slash Sigmund! You tail-slap Sigmund.
Sigmund is moderately wounded.
Sigmund mumbles some strange words.
Sigmund flickers and vanishes!
Deactivating autopickup; reactivate with Ctrl-A.
Something hits you! Something freezes you.
You hit something. You tail-slap something. You closely miss something.
You block something's attack.
You completely miss something. Something hits you. Something freezes you.
You completely miss something. Something hits you. Something freezes you.
You hit something.
Your tail-slap misses something.
Something hits you.
* * * LOW HITPOINT WARNING * * *
Something freezes you.
* * * LOW HITPOINT WARNING * * *
You feel much better. Something hits you! Something freezes you.
* * * LOW HITPOINT WARNING * * *
You closely miss something. Something hits you but does no damage.
You closely miss something.
Your tail-slap misses something.
Something hits you but does no damage.
You barely miss something.
Your tail-slap misses something.
You hear some strange, mumbled words.
You are confused.
You bump into the rock wall.
Something hits you!
* * * LOW HITPOINT WARNING * * *
Something freezes you.
You die...

.# .# .# ##### .#
#...# .# #...#
.##### #...###
.....# #.....##
...#.####...#..###
.#)#...##...##.)@#
.
.#.....##...####{#
... #####..##.###
#S##..... ##[#..#
#....#
#...#####......@.#
##>.......####.#.S.
##.......... .....
#####...##.####.
#.# .†.....###...
.#


You could see a ball python.

Vanquished Creatures
  Ijyb (D:3)
  8 gnolls (D:2)
  An adder (D:2)
  A dart slug (D:2)
  An orc (D:3)
  3 endoplasms
  6 goblins
  4 hobgoblins
  4 jackals (D:1)
  7 kobolds
  A quokka (D:1)
  5 ball pythons
  5 bats
  3 frilled lizards
  5 rats
55 creatures vanquished.

Notes
Turn   | Place    | Note
-------+----------+-------------------------------------------
     0 | D:1      | booth the Demonspawn Fighter began the quest for the Orb.
     0 | D:1      | Reached XP level 1. HP: 18/18 MP: 1/1
   265 | D:1      | Gained mutation: Your movements are slightly less
                  | encumbered by armour. (ER -2) [demonic ancestry]
   265 | D:1      | Reached XP level 2. HP: 23/24 MP: 2/2
  1181 | D:2      | Gained mutation: You have a small tail. [demonic ancestry]
  1181 | D:2      | Reached XP level 3. HP: 29/29 MP: 3/3
  1213 | D:2      | Reached XP level 4. HP: 32/35 MP: 4/4
  1864 | D:2      | Gained mutation: Your body sometimes deteriorates upon
                  | taking damage. [potion of mutation]
  1929 | D:3      | Noticed Ijyb
  1968 | D:3      | Killed Ijyb
  1969 | D:3      | Gained mutation: You sometimes gain a little power by
                  | taking damage. [demonic ancestry]
  1969 | D:3      | Reached XP level 5. HP: 19/42 MP: 5/5
  2193 | D:3      | Noticed Sigmund
  2217 | D:3      | HP: 1/42 [something (12)]
  2217 | D:3      | Slain by Sigmund

Illustrated notes

Levels and vault maps discovered:
D:1:      dpeg_arrival_castle, layout_basic, serial_forest,
          infiniplex_forest_lined_1, infiniplex_forest_clump_diagonal,
          infiniplex_forest_diagonal, infiniplex_forest_lined_1,
          infiniplex_forest_clump_small, infiniplex_forest_clump_long
D:2:      layout_rooms
D:3:      layout_rooms, grunt_temple_overflow_magic_moments, uniq_sigmund,
          uniq_ijyb

Skill      XL: |  1  2  3  4  5 |
---------------+----------------+-----
Axes           | 2 3 |  3.0
Shields        | 3 |  3.5
Armour         | 3 |  3.5
Fighting       | |  3.8

Action                     |  1- 3 |  4- 6 || total
---------------------------+-------+-------++-------
  Melee: War axe           |    77 |    89 ||   166
         Tailslap          |     5 |    17 ||    22
    Use: Scroll            |     2 |     6 ||     8
         Potion            |     2 |     3 ||     5
 Armour: Scale mail        |    35 |    39 ||    74
  Dodge: Dodged            |    38 |    33 ||    71
  Block: Buckler           |    23 |    24 ||    47
